 Dungeon Crawl Stone Soup version 0.17-a0-1046-ga09e34d (webtiles) character file.

2028 RobertPalmer the Carver (level 9, -4/75 HPs)
             Began as a Naga Chaos Knight on May 15, 2015.
             Slain by an ice beast (12 damage)
             ... on level 6 of the Dungeon.
             The game lasted 00:15:13 (6673 turns).

RobertPalmer the Carver (Naga Chaos Knight)         Turns: 6673, Time: 00:15:13

Health: -4/75      AC:  8    Str: 15    XL:     9   Next: 23%
Magic:  9/9        EV:  9    Int: 15    God:    Xom [...*..]
Gold:   300        SH:  0    Dex: 11    Spells: 0 memorised, 8 levels left

rFire  . . .     SeeInvis +     a - +0 falchion (chaos)
rCold  . . .     Clarity  .     j - +3 leather armour {rPois}
rNeg   . . .     SustAb   .     (no shield)
rPois  +         Gourm    .     (helmet restricted)
rElec  .         Spirit   .     (no cloak)
rCorr  .         Warding  .     (no gloves)
rMut   .         Stasis   .     (no barding)
MR     +....                    (no amulet)
Stlth  +.........               (no ring)
                                (no ring)

@: very slow, somewhat resistant to hostile enchantments, very unstealthy
A: antennae 1, molten scales 1, see invisible, deformed body, high mp 1,
mutation resistance 1, poison resistance, slowness 2, slow metabolism 1, spit
poison 2, AC +3
a: Spit Poison, Renounce Religion


You were on level 6 of the Dungeon.
You worshipped Xom.
You were a favourite toy of Xom.
You were hungry.

You visited 1 branch of the dungeon, and saw 6 of its levels.

You collected 300 gold pieces.

Inventory:

Hand weapons
 a - a +0 falchion of chaos (weapon)
Armour
 j - a +3 leather armour of poison resistance (worn)
   (You found it on level 1 of the Dungeon)
Magical devices
 d - a wand of digging (24)
   (You found it on level 5 of the Dungeon)
 m - a wand of fireball (3)
   (You took it off a hobgoblin on level 5 of the Dungeon)
Scrolls
 b - 2 scrolls of teleportation
 g - 3 scrolls of noise {!r}
 h - a scroll of remove curse
 i - 4 scrolls of identify
Potions
 e - a potion of curing
Comestibles
 c - 3 bread rations {@e1}
 f - 3 fruits
 k - 2 meat rations {@e2}
 l - a slice of pizza


   Skills:
 - Level 3.0 Fighting
 + Level 11.9 Long Blades
 - Level 1.5 Armour
 - Level 0.7 Dodging


You had 8 spell levels left.
You didn't know any spells.

Dungeon Overview and Level Annotations

Branches:
Dungeon (6/15)             Temple (0/1) D:5

Altars:
Dithmenos
Yredelemnul

Annotations:
D:6 1 runed door


Innate Abilities, Weirdness & Mutations

You cannot wear boots.
Your serpentine skin is tough (AC +3).
You have supernaturally acute eyesight.
Armour fits poorly on your strangely shaped body.
Your system is resistant to poisons.
You cover ground very slowly.
You have a slow metabolism.
You can spit poison.
You have a pair of small antennae on your head.
You are partially covered in molten scales (AC +1).
You have an increased reservoir of magic (+10% MP).
You are somewhat resistant to further mutation.


Message History

There is a stone staircase leading down here.
e - 2 potions of curing
There is a stone staircase leading up here.
You open the door.
A worker ant comes into view.
The worker ant twitches its antennae in your direction.
A worker ant is nearby!
A worker ant is nearby!
A worker ant is nearby!
A worker ant is nearby!
There is an open door here.
The worker ant bites you but does no damage.
The worker ant barely misses you.
You hit the worker ant.
The worker ant is poisoned.
The worker ant bites you but does no damage.
You hit the worker ant but do no damage.
All of the chunks of flesh in your inventory have rotted away.
You hit the worker ant. You burn the worker ant.
You kill the worker ant!
No target in view!
No target in view!
An ice beast comes into view.
Things that are here:
2 scrolls of teleportation; a worker ant corpse An ice beast is nearby!
An ice beast is nearby!
An ice beast is nearby!
An ice beast is nearby!
b - 2 scrolls of teleportation The ice beast hits you but does no damage.
You hit the ice beast but do no damage.
The ice beast hits you but does no damage.
You hit the ice beast but do no damage. You hit the ice beast.
There is a sudden explosion of sparks!
The ice beast hits you but does no damage.
You hit the ice beast but do no damage.
You heal the ice beast.
The ice beast hits you but does no damage.
You hit the ice beast but do no damage.
The ice beast seems to speed up.
The ice beast hits you. The ice beast freezes you.
You take 7 damage, and have 68/75 hp.
You closely miss the ice beast.
You hear Xom's avuncular chuckle.
The ice beast suddenly seems more agile.
The ice beast hits you but does no damage.
You barely miss the ice beast.
The ice beast hits you but does no damage.
You hit the ice beast.
The ice beast hits you but does no damage.
You miss the ice beast.
The ice beast hits you but does no damage.
You hit the ice beast.
The ice beast hits you but does no damage.
You closely miss the ice beast.
The ice beast hits you but does no damage.
Unknown command.
You miss the ice beast. The ice beast hits you. The ice beast freezes you!
You take 11 damage, and have 57/75 hp.
You barely miss the ice beast.
The ice beast hits you but does no damage.
You closely miss the ice beast. The ice beast completely misses you.
You hit the ice beast. The ice beast barely misses you.
You barely miss the ice beast. The ice beast closely misses you.
You barely miss the ice beast.
The ice beast hits you but does no damage.
You hit the ice beast but do no damage. The ice beast hits you.
The ice beast freezes you!
You take 10 damage, and have 47/75 hp.
You closely miss the ice beast.
The ice beast hits you but does no damage.
The ice beast hits you. The ice beast freezes you!
You take 16 damage, and have 31/75 hp.
MASSIVE DAMAGE!!
You hit the ice beast.
You melt the ice beast.
The ice beast hits you. The ice beast freezes you!
* * * LOW HITPOINT WARNING * * *
You take 13 damage, and have 18/75 hp.
You closely miss the ice beast. The ice beast closely misses you.
Unknown command.
Drink which item? (? for menu, Esc to quit)
You feel better.
You are feeling hungry.
The ice beast barely misses you.
You regained 7 hp, and now have 25/75 hp.
You miss the ice beast. The ice beast misses you.
You hit the ice beast. The ice beast closely misses you.
You hit the ice beast.
You melt the ice beast.
The ice beast barely misses you.
You miss the ice beast.
The ice beast hits you but does no damage.
You closely miss the ice beast.
The ice beast hits you but does no damage.
You barely miss the ice beast. The ice beast hits you.
The ice beast freezes you!
* * * LOW HITPOINT WARNING * * *
You take 16 damage, and have 10/75 hp.
MASSIVE DAMAGE!!
You miss the ice beast. The ice beast hits you.
* * * LOW HITPOINT WARNING * * *
The ice beast freezes you!
You die...

.##.#######.####...##
#.##)##
.##....#...........#
#......
.#####.#.########.##
####.## .# #.#.# #.#
#.# .# #...# ##'## #.#
.# ##.## ##...## #.# .#
#.# ##.†.(.## #.# ##
##.## ##......!## #.#
######...####...@.....#
...
............+...Y.....+
###........##.........#
#.###....###.......##
#.###.<...###.....##
#.##.......###...##
#.#.........###+##
#.##.......##
#.###.....##


You could see an ice beast.

Vanquished Creatures
  Menkaure (D:5)
  A water moccasin (D:6)
  A black bear (D:6)
  3 centaurs (D:5)
  5 ogres
  A giant frog (D:6)
  A scorpion (D:5)
  A jelly (D:5)
  2 hounds
  A crimson imp (D:5)
  A wasp zombie (D:6)
  2 iron imps (D:5)
  2 orc priests (D:4)
  An orc wizard (D:3)
  3 worker ants
  A hound skeleton (D:6)
  Robin (D:3)
  5 gnolls
  12 adders
  A shadow imp (D:5)
  An ooze (D:4)
  2 worms (D:2)
  7 giant geckos
  19 orcs
  13 bats
  A bat zombie (D:6)
  9 giant cockroaches
  16 goblins
  13 hobgoblins
  9 kobolds
  A quokka (D:3)
  A ball python (D:3)
  2 giant gecko skeletons
  6 giant newts
  6 jackals
  A kobold skeleton (D:6)
  A quokka skeleton (D:5)
  6 rats
160 creatures vanquished.

Vanquished Creatures (collateral kills)
  Grinder (D:4)
  A phantom (D:6)
  An orc priest (D:4)
  An orc wizard (D:4)
  2 gnolls (D:4)
  4 orcs (D:4)
  A hobgoblin (D:1)
  A quokka (D:4)
12 creatures vanquished.

Vanquished Creatures (others)
  A sky beast (D:6)
  An ufetubus (D:4)
2 creatures vanquished.

Grand Total: 174 creatures vanquished

Notes
Turn   | Place    | Note
--------------------------------------------------------------
     0 | D:1      | RobertPalmer the Naga Chaos Knight began the quest for the Orb.
     0 | D:1      | Reached XP level 1. HP: 21/21 MP: 1/1
   188 | D:1      | XOM: divination: detect creatures
   254 | D:1      | Reached XP level 2. HP: 25/28 MP: 2/2
   732 | D:1      | XOM: harmless Tloc miscast
   780 | D:1      | Reached skill level 4 in Long Blades
   931 | D:1      | Reached XP level 3. HP: 32/34 MP: 3/3
  1019 | D:1      | XOM: silly message
  1414 | D:2      | XOM: divination: detect creatures
  1415 | D:2      | Reached XP level 4. HP: 39/42 MP: 4/4
  1458 | D:2      | Found a shadowy altar of Dithmenos.
  1467 | D:2      | XOM: harmless Chrm miscast
  1485 | D:2      | Reached skill level 5 in Long Blades
  1498 | D:2      | HP: 10/42 [poisoned by an adder]
  1505 | D:2      | HP: 9/42 [poisoned by an adder]
  1509 | D:2      | XOM: mild Tloc miscast
  1510 | D:2      | Noticed a spatial vortex
  1565 | D:2      | XOM: divination: detect creatures
  1643 | D:2      | XOM: give mutation
  1643 | D:2      | Gained mutation: You have an increased reservoir of magic (+10% MP). [Xom's grace]
  1706 | D:2      | XOM: mild Chrm miscast
  1716 | D:2      | XOM: medium Chrm miscast
  1929 | D:3      | Reached XP level 5. HP: 44/49 MP: 5/5
  1954 | D:3      | Noticed Robin
  2130 | D:3      | XOM: blink monster(s)
  2161 | D:3      | Killed Robin
  2167 | D:3      | Reached skill level 6 in Long Blades
  2298 | D:3      | XOM: fog
  2761 | D:3      | XOM: 4-stop teleportation journey
  2910 | D:4      | Noticed an ogre
  2917 | D:4      | Reached XP level 6. HP: 37/56 MP: 6/6
  2982 | D:4      | XOM: 1-stop teleportation journey
  3049 | D:4      | Noticed an ogre
  3054 | D:4      | Killed an ogre
  3054 | D:4      | Reached skill level 7 in Long Blades
  3248 | D:4      | XOM: god gift: iridescent great sword {god gift}
  3379 | D:4      | XOM: confuse monster(s)
  3408 | D:4      | XOM: chaos cloud
  3414 | D:4      | Killed an ogre
  3414 | D:4      | Reached XP level 7. HP: 62/62 MP: 7/7
  3433 | D:4      | Reached skill level 8 in Long Blades
  3454 | D:4      | Noticed Grinder
  3455 | D:4      | Paralysed by Grinder for 7 turns
  3455 | D:4      | HP: 14/62 [orc (5)]
  3457 | D:4      | XOM: summons 7 friendly demons
  3459 | D:4      | HP: 5/62 [orc (4)]
  3479 | D:4      | Killed Grinder
  3721 | D:5      | XOM: noise
  3721 | D:5      | Entered Level 5 of the Dungeon
  3824 | D:5      | Noticed Menkaure
  3832 | D:5      | Killed Menkaure
  3832 | D:5      | Reached skill level 9 in Long Blades
  3855 | D:5      | Reached XP level 8. HP: 37/69 MP: 8/8
  3870 | D:5      | HP: 13/69 [centaur (7)]
  3872 | D:5      | HP: 6/69 [centaur (3)]
  3873 | D:5      | XOM: give mutations
  3873 | D:5      | Gained mutation: You have a pair of small antennae on your head. [Xom's mischief]
  3873 | D:5      | Gained mutation: You are somewhat resistant to further mutation. [Xom's mischief]
  4134 | D:5      | XOM: divination: detect creatures
  4249 | D:5      | Reached skill level 10 in Long Blades
  4412 | D:5      | XOM: give mutation
  4412 | D:5      | Gained mutation: You are partially covered in molten scales (AC +1). [Xom's grace]
  4604 | D:5      | Found a staircase to the Ecumenical Temple.
  4703 | D:5      | XOM: summons 4 hostile demons
  4801 | D:5      | XOM: destruction
  4829 | D:5      | Got a wavering lead ring
  5036 | D:5      | XOM: harmless Air miscast
  5120 | D:5      | XOM: fake destruction
  5331 | D:5      | XOM: harmless Fire miscast
  5569 | D:5      | Identified the cursed ring "Qeaged" {*Corrode rPois AC-4 Int-2 Dex+3} (You took it off a centaur on level 5 of the Dungeon)
  5649 | D:6      | Reached skill level 11 in Long Blades
  6050 | D:6      | Reached XP level 9. HP: 75/75 MP: 9/9
  6050 | D:6      | XOM: confuse monster(s)
  6059 | D:6      | XOM: snakes to sticks
  6480 | D:6      | XOM: summons 4 friendly demons
  6502 | D:6      | Found a runed door.
  6508 | D:6      | Found a basalt altar of Yredelemnul.
  6650 | D:6      | XOM: enchant monster (bad)
  6664 | D:6      | HP: 18/75 [ice beast (9)]
  6672 | D:6      | HP: 10/75 [ice beast (13)]
  6673 | D:6      | Slain by an ice beast

Vault maps used:
D:1:      lightli_arrival_isolated_outpost, minmay_misc_feat_room,
          serial_bayou_pond_d
D:2:      nicolae_dithmenos_through_a_glass_darkly
D:3:      uniq_robin
D:4:      first_bread, kennysheep_generic_room_9, uniq_grinder
D:5:      minmay_temple_entry_mist, uniq_menkaure
D:6:      nrook_loot_triangle, dk_yredelemnul_ordeal

Action                   |  1- 3 |  4- 6 |  7- 9 || total
-------------------------+-------+-------+-------++-------
Melee: Falchion          |   146 |   265 |   334 ||   745
 Abil: Spit Poison       |       |    12 |    21 ||    33
  Use: Scroll            |     1 |       |     8 ||     9
       Potion            |       |       |     6 ||     6
 Stab: Distracted        |     1 |       |       ||     1
       Petrifying        |     1 |       |       ||     1
       Paralysed         |     2 |     8 |     5 ||    15
       Confused          |       |     1 |     1 ||     2
  Eat: Chunk             |     1 |     6 |    10 ||    17

Vault maps used:
D:1:      lightli_arrival_isolated_outpost, minmay_misc_feat_room,
          serial_bayou_pond_d
D:2:      nicolae_dithmenos_through_a_glass_darkly
D:3:      uniq_robin
D:4:      first_bread, kennysheep_generic_room_9, uniq_grinder
D:5:      minmay_temple_entry_mist, uniq_menkaure
D:6:      nrook_loot_triangle, dk_yredelemnul_ordeal

Table legend:
 A = Turns spent in this place as a percentage of turns spent in the entire game.
 B = Non-inter-level travel turns spent in this place as a percentage of non-inter-level travel turns spent in the entire game.
 C = Inter-level travel turns spent in this place as a percentage of turns spent in this place.
 D = Turns resting spent in this place as a percentage of non-inter-level travel turns spent in this place.
 E = Turns spent auto-exploring this place as a percentage of non-inter-level travel turns spent in this place.
 F = Non-inter-level travel turns spent in this place divided by the number of levels of this place that you've seen.
                   A       B       C       D       E      F
               +-------+-------+-------+-------+-------+----------------------
         Total | 100.0 | 100.0 |   0.5 |   2.5 |   7.4 | 393.8
       Dungeon | 100.0 | 100.0 |   0.5 |   2.5 |   7.4 | 393.8
               +-------+-------+-------+-------+-------+----------------------

Table legend:
 A = Kills in this place as a percentage of kills in entire the game.
 B = Kills by you in this place as a percentage of kills by you in the entire game.
 C = Kills by friends in this place as a percentage of kills by friends in the entire game.
 D = Other kills in this place as a percentage of other kills in the entire game.
 E = Experience gained in this place as a percentage of experience gained in the entire game.
 F = Experience gained in this place divided by the number of levels of this place that you have seen.
                   A       B       C       D       E      F
               +-------+-------+-------+-------+-------+----------------------
         Total | 100.0 | 100.0 | 100.0 | 100.0 | 100.0 | 483.0
       Dungeon | 100.0 | 100.0 | 100.0 | 100.0 | 100.0 | 483.0
               +-------+-------+-------+-------+-------+----------------------
